 Dungeon Crawl Stone Soup version 0.30-a0-341-g682706514a (webtiles) character file.

Game seed: 5334402987571488468

98 Ijustatesigmund the Firebug (level 4, -2/45 HPs)
             Began as a Demonspawn Fire Elementalist on Nov 4, 2022.
             Succumbed to an orc wizard's poison
             ... on level 3 of the Dungeon.
             The game lasted 00:03:39 (2239 turns).

Ijustatesigmund the Firebug (DsFE)                  Turns: 2239, Time: 00:03:40

Health: -2/45      AC: 22    Str:  8    XL:     4   Next: 44%
Magic:  2/7        EV:  2    Int: 24    God:
Gold:   184        SH:  4    Dex: 14    Spells: 5/8 levels left

rFire   . . .      SeeInvis .    d - +1 mace
rCold   . . .      Faith    .    (no shield)
rNeg    . . .      Spirit   .    (body armour currently unavailable)
rPois   +          Reflect  .    (helmet currently unavailable)
rElec   .          Harm     .    (cloak currently unavailable)
rCorr   .          Rampage  .    (gloves currently unavailable)
Will    .....      NoTele   +    (boots currently unavailable)
Stlth   ++........               (no amulet)
HPRegen 0.27/turn                i - +6 ring of intelligence
MPRegen 0.10/turn                j - +4 ring of evasion

@: lethally poisoned (-2 -> -17), tree-form
A: stationary, stasis, torment immunity, boosted hp, (spiny 1), condensation
shield, (weakness stinger 1)
a: no special abilities


You were on level 3 of the Dungeon.
You were a tree.
You visited 1 branch of the dungeon, and saw 3 of its levels.

You collected 184 gold pieces.

Inventory:

Hand Weapons
 d - a +1 mace (weapon)
Armour
 a - a +0 robe (melded)
Jewellery
 i - a +6 ring of intelligence (left branch)
 j - a +4 ring of evasion (right branch)
Scrolls
 h - 2 scrolls of butterflies
 l - a scroll of poison {unknown}
Potions
 b - a potion of magic
 e - 2 potions of brilliance
 f - 2 potions of might
 g - a potion of attraction
 k - a potion of resistance


   Skills:
 - Level 1.7 Dodging
 - Level 1.7 Stealth
 + Level 2.6 Spellcasting
 * Level 2.7 Conjurations
 * Level 3.6 Fire Magic


You had 5 spell levels left.
You knew the following spells:

 Your Spells              Type           Power      Damage    Failure   Level
a - Foxfire               Conj/Fire      72%        2x1d7     3%          1
b - Scorch                Fire           40%        2d7       3%          2

Your spell library contained the following spells:

 Spells                   Type           Power      Damage    Failure   Level
 Inner Flame              Hex/Fire       11%        N/A       16%         3
 Kindle Blastsparks       Fire/Tloc/Air  18%        2d11      21%         3
 Flame Wave               Conj/Fire      18%        2d7       30%         4


Dungeon Overview and Level Annotations

Branches:
Dungeon (2/15)

Altars:


Innate Abilities, Weirdness & Mutations

You are a tree.
Your roots penetrate the ground, keeping you stationary.
You cannot be teleported.
You are immune to unholy pain and torment.
Your maximum health is greatly increased.
Your equipment is partially melded.
((You are partially covered in sharp spines.))
A meltable shield of frost defends you. (SH +4)
((You have a small tail.))


Message History

You hit something but do no damage.
You hear some strange, mumbled words.
A puff of flame appears from out of thin air!
The puff of flame misses you.
You closely miss something. You tail-slap something.
Something barely misses you.
You closely miss the orc. Something hits you.
You are poisoned.
The orc closely misses you.
You hit the orc.
The orc is heavily wounded.
You feel very sick. The orc is struck by your spines.
The orc completely misses you.
You hear some strange, mumbled words.
A magic dart appears from out of thin air!
The magic dart hits you!
* * * LOW HITPOINT WARNING * * *
Okay, then.
Okay, then.
Really quaff the potion of lignification?
You turn into a tree.
Your +0 robe melds into your body.
Your roots penetrate the ground.
* * * LOW HITPOINT WARNING * * *
You feel sick.
You hear some strange, mumbled words.
Something tries to affect you, but you resist.
The orc hits you but does no damage.
You hit the orc.
You kill the orc!
* * * LOW HITPOINT WARNING * * *
You feel sick. Something hits you but does no damage. Something hits you.
* * * LOW HITPOINT WARNING * * *
You are more poisoned.
You cannot move.
You cannot move.
You cannot move.
You cannot move.
You cannot move.
You barely miss something.
You die...

#
..##.##########
..............#
#.#####.#####.#
#.# #.# #♣# #.#
#....)){# #.#
#.####### #.#
#.# #.# #.# #.#
#.# #.# #.# #.#
#.# #.#


There were no monsters in sight!

Vanquished Creatures
  Terence (D:2)
  Ijyb (D:3)
  2 orcs (D:3)
  4 endoplasms
  4 giant cockroaches
  2 hobgoblins (D:1)
  4 jackals (D:1)
  7 kobolds
  A quokka (D:2)
  5 ball pythons
  2 bats (D:1)
  A frilled lizard (D:1)
  3 goblins
  7 rats (D:1)
44 creatures vanquished.

Vanquished Creatures (others)
  45 foxfires
45 creatures vanquished.

Grand Total: 89 creatures vanquished

Notes
Turn   | Place    | Note
-------+----------+-------------------------------------------
     0 | D:1      | Ijustatesigmund the Demonspawn Fire Elementalist began the
                  | quest for the Orb.
     0 | D:1      | Reached XP level 1. HP: 13/13 MP: 3/3
   273 | D:1      | Gained mutation: You are partially covered in sharp spines.
                  | [demonic ancestry]
   273 | D:1      | Reached XP level 2. HP: 19/19 MP: 0/5
   507 | D:1      | Reached skill level 3 in Fire Magic
   707 | D:1      | Found a faded altar of an unknown god.
  1283 | D:2      | Gained mutation: You have a small tail. [demonic ancestry]
  1283 | D:2      | Reached XP level 3. HP: 22/24 MP: 6/6
  1300 | D:2      | Learned a level 2 spell: Scorch
  1448 | D:2      | Noticed Terence
  1461 | D:2      | Killed Terence
  1736 | D:2      | Gained mutation: A meltable shield of frost defends you.
                  | (SH +4) [demonic ancestry]
  1736 | D:2      | Reached XP level 4. HP: 30/30 MP: 7/7
  2112 | D:2      | You fall into a shaft and drop 1 floor!
  2216 | D:3      | Noticed Ijyb
  2230 | D:3      | Killed Ijyb
  2239 | D:3      | Succumbed to an orc wizard's poison

Illustrated notes

Levels and vault maps discovered:
D:1:      wheals_arrival_linesprint, layout_basic,
          hellmonk_ecumenical_altar_inner_sanctum,
          chequers_serial_rivers_micro_b
D:2:      layout_basic, uniq_terence
D:3:      layout_loops_ring, uniq_ijyb, uniq_jessica

Skill      XL: |  1  2 |
---------------+-------+-----
Fire Magic     | 3 |  3.6
Conjurations   | 2 |  2.7
Dodging        | |  1.7
Stealth        | |  1.7
Spellcasting   | |  2.6

Action                   |  1- 3 |  4- 6 || total
-------------------------+-------+-------++-------
Melee: Whip              |    47 |       ||    47
       Unarmed           |     3 |       ||     3
       Tailslap          |     3 |     1 ||     4
       Mace              |       |    14 ||    14
 Cast: Foxfire           |    28 |     2 ||    30
       Scorch            |     3 |     3 ||     6
  Use: Scroll            |     3 |     9 ||    12
       Potion            |       |     1 ||     1
 Stab: Sleeping          |     2 |       ||     2
       Distracted        |     1 |       ||     1
Armor: Robe              |    11 |     1 ||    12
       Skin              |       |     2 ||     2
Dodge: Dodged            |    35 |    12 ||    47
Block: Other             |       |     3 ||     3

Table legend: (Time is in decaauts)
 A = Elapsed time spent in this place.
 B = Non-inter-level travel time spent in this place.
 C = Inter-level travel time spent in this place.
 D = Time resting spent in this place.
 E = Time spent auto-exploring this place.
 F = Levels seen in this place.
 G = Mean time per level.
                   A        B        C        D        E       F      G
               +--------+--------+--------+--------+--------+-----+--------+
         Total |   2247 |   2168 |     79 |    174 |   1702 |   3 |  749.0 |
       Dungeon |   2247 |   2168 |     79 |    174 |   1702 |   3 |  749.0 |
               +--------+--------+--------+--------+--------+-----+--------+

Top non-repeatable levels by time:
     D:1: 1274 daAuts
     D:2: 841 daAuts
     D:3: 131 daAuts
